AoeStats
← zamithdaniel

Pilgrims

508529668Analyzed
2v2 RM · 10d ago on Sep 22, 2026· 47m 46s· 4 players
Game mode
Random Map
Map size
Medium (4 player)
Population
200
Speed
Normal
Resources
Standard
Victory
Conquest
Starting age
Dark Age
Ending age
Imperial Age
RankedLock teamsTeams togetherTeam positionsShared explorationLock speedFull tech treeHidden civsTurbo modeCheats
Victory
Defeat
🇨🇴 Turks · Colombia
914
+14
🇺🇸 Random · United States
895
+14
🇧🇷 Khmer · Brazil
866
-14
🇲🇽 Dravidians · Mexico
863
-35
Scotticus6181
9:54 Feudal Age
11:43 Double-Bit Axe
20:26 Castle Age
25:32 Wheelbarrow
38:07 Forging
38:12 Horse Collar
41:24 Bow Saw
40:51 Pikeman
43:28 Hand Cart
44:07 Fishing Lines
45:17 Iron Casting
46:18 Bloodlines
zamithdaniel
12:20 Feudal Age
14:19 Double-Bit Axe
19:06 Castle Age
23:04 Forging
23:00 Scale Barding Armor
24:03 Gold Mining
24:05 Stone Mining
25:05 Loom
25:09 Town Watch
26:00 Wheelbarrow
25:16 Loom
27:11 Husbandry
27:23 Bloodlines
27:17 Fishing Lines
29:05 Iron Casting
31:04 Gillnets
32:04 Chain Barding Armor
36:17 Imperial Age
36:52 Cavalier
41:44 Blast Furnace
41:21 Plate Barding Armor
41:30 Artillery
41:53 Conscription
43:08 Heavy Camel Rider
46:53 Gold Shaft Mining
jd.quintero
10:19 Feudal Age
11:57 Fishing Lines
12:34 Man-at-Arms
18:02 Double-Bit Axe
25:45 Castle Age
23:59 Gold Mining
23:52 Horse Collar
24:57 Forging
27:19 Bow Saw
26:31 Long Swordsman
26:33 Crossbowman
27:20 Thumb Ring
27:08 Fletching
27:22 Pikeman
29:13 Squires
31:29 Scale Barding Armor
33:18 Heavy Plow
34:18 Wheelbarrow
33:33 Gambesons
36:26 Medical Corps
47:42 Imperial Age
Kepuva
11:54 Feudal Age
16:19 Bloodlines
20:41 Loom
24:42 Castle Age
26:01 Stone Mining
26:02 Gold Mining
26:20 Double-Bit Axe
29:43 Imperial Age
40:08 Elite Ballista Elephant
40:49 Double Crossbow
41:47 Bow Saw
42:30 Husbandry
41:57 Elite Battle Elephant
Connection lost

Rejoining the realm…

Still unreachable

The connection could not be restored.

Session expired

The server has moved on; the page needs a fresh start.